 Dungeon Crawl Stone Soup version 0.24-a0-203-gf0bc1e9 (webtiles) character file.

Game seed: 11322328173757895965

12159 Borgoz the Skirmisher (level 11, -12/67 HPs)
             Began as a Gargoyle Gladiator on Mar 26, 2019.
             Was a Follower of Ashenzari.
             Mangled by Gastronok (23 damage)
             ... on level 10 of the Dungeon.
             The game lasted 00:20:08 (9207 turns).

Borgoz the Skirmisher (Gargoyle Gladiator)          Turns: 9207, Time: 00:20:08

Health: -12/67     AC: 20    Str: 18    XL:     11   Next: 89%
Magic:  17/18      EV: 15    Int: 11    God:    Ashenzari [*.....]
Gold:   609        SH:  0    Dex: 14    Spells: 19/20 levels left

rFire    . . .     SeeInvis .   j - +2 short sword (elec)
rCold    . . .     Gourm    .   (no shield)
rNeg     + . .     Faith    .   b - +0 leather armour
rPois    ∞         Spirit   .   c - +1 helmet (curse)
rElec    +         Reflect  .   y - +0 cloak
rCorr    .         Harm     .   e - +1 pair of gloves (curse)
MR       .....                  p - +1 pair of boots
Stlth    +++.......             A - amulet of the acrobat
HPRegen  0.21/turn              s - +2 ring of intelligence
MPRegen  0.16/turn              o - ring of wizardry

@: confusing touch
A: negative energy resistance 1, electricity resistance, unbreathing,
petrification resistance, rot immunity, AC +8
a: Curse Item, Scrying, Renounce Religion


You were on level 10 of the Dungeon.
You worshipped Ashenzari.
Ashenzari was aware of your devotion.
You were not hungry.

You visited 2 branches of the dungeon, and saw 11 of its levels.

You collected 609 gold pieces.

Inventory:

Hand Weapons
 a - a +0 rapier
 j - a +2 short sword of electrocution (weapon)
 u - a +7 short sword
 w - a +0 short sword of flaming
 E - a +3 dagger of speed
 F - a +1 dagger of venom
Missiles
 d - 4 throwing nets (quivered)
 x - 6 tomahawks
Armour
 b - a +0 leather armour (worn)
 c - a cursed +1 helmet (worn)
 e - a cursed +1 pair of gloves (worn)
 p - a +1 pair of boots (worn)
 y - a +0 cloak (worn)
Jewellery
 o - a ring of wizardry (right hand)
 r - an uncursed ring of magical power
 s - a +2 ring of intelligence (left hand)
 A - an amulet of the acrobat (around neck)
Wands
 t - a wand of polymorph (8)
 B - a wand of flame (26)
Scrolls
 h - 5 scrolls of remove curse
 i - 5 scrolls of amnesia
 k - a scroll of blinking
 l - 2 scrolls of teleportation
 n - 3 scrolls of fear
Potions
 m - 2 potions of flight
 v - a potion of cancellation
 D - a potion of mutation
Comestibles
 f - 25 rations


   Skills:
 + Level 7.6 Fighting
 + Level 7.1 Short Blades
 - Level 5.5 Throwing
 + Level 7.1 Armour
 + Level 6.1 Dodging
 + Level 7.1 Stealth
 - Level 5.0 Spellcasting
 + Level 4.3 Hexes
 + Level 5.5 Evocations


You had 19 spell levels left.
You knew the following spells:

 Your Spells              Type           Power        Failure   Level  Hunger
a - Confusing Touch       Hex            ##....       1%          1    None

Your spell library contained the following spells:

 Spells                   Type           Power        Failure   Level  Hunger
 Corona                   Hex            ##.....      1%          1    None
 Confuse                  Hex            ##......     4%          3    ###....
 Tukima's Dance           Hex            ##......     4%          3    ###....
 Ensorcelled Hibernation  Hex/Ice        #.....       6%          2    ##.....
 Animate Skeleton         Necr           N/A          10%         1    None
 Apportation              Tloc           #.....       10%         1    None
 Magic Dart               Conj           #...         10%         1    None
 Summon Small Mammal      Summ           #...         10%         1    None
 Dazzling Spray           Conj/Hex       #.....       12%         3    ###....
 Searing Ray              Conj           #.....       16%         2    ##.....
 Fulminant Prism          Conj/Hex       #.........   36%         4    ####...
 Force Lance              Conj/Tloc      #.......     65%         4    ####...
 Iskenderun's Mystic Bla  Conj           #.......     65%         4    ####...
 Bolt of Magma            Conj/Fire/Erth #.........   92%         5    ######.
 Iskenderun's Battlesphe  Conj/Chrm      #.......     92%         5    ######.
 Venom Bolt               Conj/Pois      #.........   92%         5    ######.
 Iron Shot                Conj/Erth      #.........   100%        6    #######
 Orb of Destruction       Conj           #.........   100%        7    #######
 Spellforged Servitor     Conj/Summ      #.........   100%        7    #######


Dungeon Overview and Level Annotations

Branches:
Dungeon (10/15)            Temple (1/1) D:5            Lair (0/6) D:8
    Orc: D:9-12

Altars:
Ashenzari
Cheibriados
Dithmenos
Elyvilon
Fedhas
Gozag
Hepliaklqana
Kikubaaqudgha
Makhleb
Nemelex Xobeh
Okawaru
Qazlal
Ru
Sif Muna
Trog
Uskayaw
Vehumet
Wu Jian
Xom
Yredelemnul
Zin
The Shining One

Annotations:
D:10 Gastronok


Innate Abilities, Weirdness & Mutations

You are resistant to torment.
Your stone body is resilient. (AC +8)
You are immune to poison.
You resist negative energy. (rN+)
You are resistant to electric shocks. (rElec)
You can survive without breathing.
You are immune to petrification.
You are immune to rotting.


Message History

Gastronok is moderately wounded.
Gastronok seems less confused.
Gastronok bites you!!
* * * LOW HITPOINT WARNING * * *
You hit Gastronok.
Gastronok is moderately wounded.
Casting: Confusing Touch (safe; 1% risk of failure)
Confirm with . or Enter, or press ? or * to list all spells.
You don't know that spell.
Casting: Confusing Touch (safe; 1% risk of failure)
Confirm with . or Enter, or press ? or * to list all spells.
Your hands begin to glow red.
Gastronok bites you!
* * * LOW HITPOINT WARNING * * *
You hit Gastronok but do no damage.
Gastronok is moderately wounded.
You hit Gastronok but do no damage.
Gastronok is moderately wounded.
You hit Gastronok but do no damage.
Gastronok is moderately wounded.
Gastronok bites you!!
You die...

#############'## ####..#
######....## #......####
###'######## ###########
#..........#### #.$.......#
#..........+..# #.........#
#..........##<#####.........#
#..........##.@w..'.........+
#..........########.........#
######'##### #.........#
#...## ###w###### ###..# #.#
########'##### #.##
#............# #..#
#............# ######w######
#............+ #...........#


You could see Gastronok.

Vanquished Creatures
  Josephine (D:10)
  A hydra (D:8)
  A two-headed ogre (D:9)
  An unseen horror (D:10)
  A gargoyle (D:10)
  A queen bee (D:9)
  2 dream sheep (D:8)
  A vampire (D:10)
  2 yaks (D:8)
  5 wraiths (D:10)
  3 hungry ghosts
  A basilisk (D:8)
  Duvessa (D:6)
  4 porcupines (D:8)
  6 orc warriors
  2 ice beasts (D:7)
  A hornet zombie (D:5)
  A sky beast (D:8)
  2 necrophages
  2 black bears (D:8)
  3 phantoms
  5 ogres
  3 wolves (D:8)
  4 centaurs
  2 crocodiles (D:8)
  4 big kobolds
  5 bullfrogs
  Dowan (D:6)
  A water moccasin zombie (D:8)
  4 scorpions
  24 killer bees (D:9)
  4 wights (D:8)
  3 howler monkeys
  A centaur zombie (D:8)
  2 crimson imps
  An orc priest (D:8)
  4 centaur skeletons
  2 bullfrog skeletons
  5 hounds
  3 iguanas
  11 orc wizards
  6 worker ants
  A hound skeleton (D:10)
  A howler monkey zombie (D:7)
  Robin (D:2)
  4 gnolls (D:4)
  A howler monkey skeleton (D:5)
  17 adders
  2 shadow imps (D:6)
  3 oozes
  2 worms
  5 leopard geckos
  52 orcs
  3 bats
  7 giant cockroaches
  14 goblins
  9 hobgoblins
  7 jackals
  12 kobolds
  2 quokkas
  2 ball pythons
  4 frilled lizards
  A quokka zombie (D:7)
  4 rats
291 creatures vanquished.

Notes
Turn   | Place    | Note
-------+----------+-------------------------------------------
     0 | D:1      | Borgoz the Gargoyle Gladiator began the quest for the Orb.
     0 | D:1      | Reached XP level 1. HP: 12/12 MP: 1/1
   153 | D:1      | Found a shimmering altar of Xom.
   190 | D:1      | Reached XP level 2. HP: 16/17 MP: 2/2
   562 | D:2      | Reached XP level 3. HP: 15/22 MP: 3/3
   754 | D:2      | Noticed Robin
   792 | D:2      | Killed Robin
   801 | D:2      | Reached XP level 4. HP: 6/27 MP: 4/4
  1163 | D:2      | Reached skill level 1 in Armour
  1783 | D:3      | Noticed an ogre
  1821 | D:3      | Killed an ogre
  1821 | D:3      | Reached XP level 5. HP: 32/32 MP: 5/5
  1962 | D:3      | Reached XP level 6. HP: 35/37 MP: 6/6
  3085 | D:4      | Reached skill level 1 in Stealth
  3239 | D:5      | Entered Level 5 of the Dungeon
  3268 | D:5      | Reached skill level 1 in Spellcasting
  3268 | D:5      | Reached XP level 7. HP: 32/41 MP: 8/8
  3363 | D:5      | Reached skill level 1 in Evocations
  4024 | D:5      | Reached XP level 8. HP: 48/48 MP: 10/10
  4085 | D:5      | Found a staircase to the Ecumenical Temple.
  4090 | Temple   | Entered the Ecumenical Temple
  4128 | Temple   | Became a worshipper of Ashenzari the Shackled
  4405 | D:6      | Reached skill level 5 in Short Blades
  4744 | D:6      | Noticed Duvessa
  4744 | D:6      | Noticed Dowan
  4764 | D:6      | Killed Duvessa
  4785 | D:6      | Killed Dowan
  4959 | D:6      | Found a glowing silver altar of Zin.
  5080 | D:7      | Found a burning altar of Makhleb.
  5080 | D:7      | Found a sacrificial altar of Ru.
  5091 | D:7      | Reached XP level 9. HP: 46/53 MP: 13/13
  5099 | D:7      | Reached skill level 5 in Fighting
  5485 | D:7      | Learned a level 1 spell: Confusing Touch
  5900 | D:8      | Reached skill level 1 in Hexes
  5947 | D:8      | Reached skill level 5 in Armour
  5973 | D:8      | Reached XP level 10. HP: 21/60 MP: 15/15
  6405 | D:8      | Reached skill level 5 in Stealth
  6468 | D:8      | Reached skill level 5 in Dodging
  6612 | D:8      | Reached * piety under Ashenzari
  6719 | D:8      | Noticed a three-headed hydra
  6724 | D:8      | Killed a three-headed hydra
  6829 | D:8      | Found an iron altar of Okawaru.
  6876 | D:8      | Found a staircase to the Lair.
  6898 | D:8      | Reached skill level 5 in Throwing
  6905 | D:8      | Found a blossoming altar of Fedhas.
  6905 | D:8      | Found an ornate altar of the Wu Jian Council.
  7246 | D:9      | Noticed a two-headed ogre
  7253 | D:9      | Killed a two-headed ogre
  7253 | D:9      | Reached XP level 11. HP: 64/66 MP: 16/18
  7435 | D:9      | Reached skill level 5 in Spellcasting
  7675 | D:9      | Found a deep blue altar of Sif Muna.
  7931 | D:9      | Reached skill level 5 in Evocations
  8268 | D:10     | Entered Level 10 of the Dungeon
  8445 | D:10     | Killed an unseen horror
  8539 | D:10     | Noticed Josephine
  8541 | D:10     | Noticed Gastronok
  8580 | D:10     | Killed Josephine
  9207 | D:10     | Mangled by Gastronok

Levels and vault maps discovered:
D:1:      lemuel_arrival_river_passageway, layout_loops_ring, xom_teletrap_fun
D:2:      layout_loops_cross, serial_co_window_serial, co_window_paths_a,
          co_window_corner_a, co_window_paths_a, co_window_corner_a,
          co_window_corner_a, co_window_paths_c, co_window_2corner,
          co_window_corner_b, co_window_of_opportunity_b,
          co_window_unsneaky_path_c, co_window_of_opportunity_b,
          co_window_2corner, co_window_paths_d, glass_columns_a,
          glass_columns_b, glass_columns_a, glass_columns_b, glass_columns_a,
          grunt_ministairs_4, hangedman_decor_riveting, uniq_robin
D:3:      layout_basic, first_ration
D:4:      layout_basic, mrwooster_statue_mirror, minivault_25
D:5:      layout_cave_pools, minmay_temple_entry_nine_rooms
D:6:      layout_basic, lemuel_coloured_pillars_altar, lemuel_another_geyser,
          uniq_duvessa
D:7:      layout_loops_ring, overflow_temple_1_default, basic_altar
D:8:      layout_loops_ring, kennysheep_little_box,
          amethyst_overflow_temple_binary, minmay_lair_entry_grove, special_room
          [special_room_orc], hangedman_ranch [blue_anna_fruit_fields]
D:9:      layout_loops_cross, lemuel_round_altar, special_room
          [special_room_bee], ebering_dispersal_statue_hall
D:10:     layout_roguey, uniq_gastronok, uniq_josephine
Temple:   regret_index_temple_sphere_string

Skill      XL: |  1  2  3  4  5  6  7  8  9 10 11 |
---------------+----------------------------------+-----
Throwing       | 2 3 4 5 |  5.5
Short Blades   | 3 4 5 6 7 |  7.1
Dodging        | 3 4 5 6 |  6.1
Armour         | 1 2 3 4 5 6 7 |  7.1
Fighting       | 3 4 5 6 7 |  7.6
Stealth        | 1 2 3 4 6 7 |  7.1
Spellcasting   | 1 2 3 4 5 |  5.0
Evocations     | 1 2 3 4 5 |  5.5
Hexes          | 1 3 4 |  4.3

Action                   |  1- 3 |  4- 6 |  7- 9 | 10-12 || total
-------------------------+-------+-------+-------+-------++-------
Melee: Rapier            |    80 |   199 |       |       ||   279
       Short sword       |       |    48 |   365 |   629 ||  1042
Throw: Throwing net      |       |       |       |     2 ||     2
 Cast: Confusing Touch   |       |       |       |     4 ||     4
Invok: Curse Item        |       |       |     2 |       ||     2
Evoke: Wand              |       |       |       |    12 ||    12
  Use: Potion            |       |     5 |     2 |     1 ||     8
       Scroll            |       |     5 |     8 |     5 ||    18
 Stab: Sleeping          |       |       |     2 |     7 ||     9
       Paralysed         |       |       |       |     2 ||     2
       Confused          |       |       |       |     6 ||     6
  Eat: Chunk             |       |     7 |    11 |    13 ||    31
       Ration            |       |       |       |     1 ||     1
Armor: Leather armour    |    27 |    95 |   151 |   263 ||   536
       Skin              |       |       |    12 |       ||    12
Dodge: Dodged            |    40 |   145 |   237 |   391 ||   813

Table legend:
 A = Non-vault XP
 B = Vault XP
 C = Vault XP percentage of total XP
 D = Non-vault monster count
 E = Vault monster count
 F = Vault count percentage of total count
                 A         B        C        D         E       F
            +---------+---------+-------+---------+---------+-------
      Total |    8710 |    8660 |  49.9 |     200 |      91 |  31.3
            +---------+---------+-------+---------+---------+-------
        D:1 |      25 |       0 |   0.0 |      14 |       0 |   0.0
        D:2 |      72 |      48 |  40.0 |      15 |      13 |  46.4
        D:3 |     186 |       0 |   0.0 |      23 |       0 |   0.0
        D:4 |     210 |       0 |   0.0 |      15 |       0 |   0.0
        D:5 |     674 |       0 |   0.0 |      17 |       0 |   0.0
        D:6 |     728 |     228 |  23.8 |      23 |       2 |   8.0
        D:7 |    1039 |       0 |   0.0 |      18 |       0 |   0.0
        D:8 |    1443 |    4458 |  75.5 |      31 |      45 |  59.2
        D:9 |    1935 |    1847 |  48.8 |      25 |      25 |  50.0
       D:10 |    2398 |    2079 |  46.4 |      19 |       6 |  24.0
            +---------+---------+-------+---------+---------+-------
